PIO (24 & UNDER)
SALEM SLEDGEHAMMERS @ SURREY SINNERS
07/03/2027
 
TOP OF THE 1ST
Salem Sledgehammers batting - Pitching for Surrey Sinners : RHP Tomás Silva
Pitching: RHP Tomás Silva
Batting: RHB Luis Bustamante 0-0: Ball
1-0: SINGLE (Groundball, 6MD)
Batting: RHB Gilberto Tovar 0-0: Called Strike
0-1: Ball
1-1: Ball
2-1: Ball
3-1: Base on Balls
Luis Bustamante to second
Batting: LHB Nathan Frey 0-0: Swinging Strike
0-1: Foul Ball, location: 2F
0-2: Ball
1-2: Fly out, F7 (Flyball, 7)
Batting: SHB Richard Griffin 0-0: Called Strike
0-1: Ball
1-1: Ball
2-1: Ball
3-1: Foul Ball, location: 2F
3-2: Base on Balls
Luis Bustamante to third
Gilberto Tovar to second
Batting: RHB Bobby Miller 0-0: Called Strike
0-1: Swinging Strike
0-2: Ball
1-2: Foul Ball, location: 2F
1-2: Ball
2-2: Fly out, F5 (Popup, 5S)
Batting: RHB Glenn Broadwater 0-0: Ball
1-0: Fly out, F7 (Flyball, 7S)
Top of the 1st over - 0 run(s), 1 hit(s), 0 error(s), 3 left on base; Salem 0 - Surrey 0
BOTTOM OF THE 1ST
Surrey Sinners batting - Pitching for Salem Sledgehammers : RHP Isaac Pope
Pitching: RHP Isaac Pope
Batting: RHB Clint Younger 0-0: Ball
1-0: Fly out, F2 (Popup, 2R)
Batting: LHB Jorge Martínez 0-0: Called Strike
0-1: Swinging Strike
0-2: Ball
1-2: Foul Ball, location: 2F
1-2: Ball
2-2: Ball
3-2: Strikes out looking
Batting: LHB Randy Wiggins 0-0: Called Strike
0-1: Foul Ball, location: 2F
0-2: Foul Ball, location: 2F
0-2: Strikes out swinging
Bottom of the 1st over - 0 run(s), 0 hit(s), 0 error(s), 0 left on base; Salem 0 - Surrey 0
TOP OF THE 2ND
Salem Sledgehammers batting - Pitching for Surrey Sinners : RHP Tomás Silva
Batting: RHB Patrick Daniels 0-0: Ball
1-0: Called Strike
1-1: Ball
2-1: Ground out 6-3 (Groundball, 6)
Batting: RHB Gilberto Silva 0-0: Ball
1-0: Ball
2-0: Ball
3-0: Base on Balls
Batting: RHB Lakota O'Reilly 0-0: Called Strike
0-1: Ball
1-1: Ball
2-1: Foul Ball, location: 2F
2-2: Strikes out looking
Batting: RHB Luis Bustamante 0-0: Ball
1-0: Foul Ball, location: 2F
1-1: Ball
2-1: Ball
Gilberto Silva is caught stealing 2nd base
Top of the 2nd over - 0 run(s), 0 hit(s), 0 error(s), 0 left on base; Salem 0 - Surrey 0
BOTTOM OF THE 2ND
Surrey Sinners batting - Pitching for Salem Sledgehammers : RHP Isaac Pope
Batting: LHB Juan Hinojosa 0-0: Ball
1-0: Ball
2-0: Ball
3-0: Called Strike
3-1: Base on Balls
Batting: LHB Iván Espinosa 0-0: Ball
1-0: Called Strike
1-1: Grounds into double play, 1-6-3 (Groundball, P)
Batting: LHB José Blanco 0-0: Ball
1-0: Ball
2-0: Ball
3-0: Called Strike
3-1: SINGLE (Groundball, 4D)
Batting: RHB Roberto Ybarra 0-0: Ball
José Blanco is caught stealing 2nd base
Bottom of the 2nd over - 0 run(s), 1 hit(s), 0 error(s), 0 left on base; Salem 0 - Surrey 0
TOP OF THE 3RD
Salem Sledgehammers batting - Pitching for Surrey Sinners : RHP Tomás Silva
Batting: RHB Luis Bustamante 0-0: Ball
1-0: Foul Ball, location: 2F
1-1: Called Strike
1-2: Strikes out swinging
Batting: RHB Gilberto Tovar 0-0: Ball
1-0: SINGLE (Groundball, 4MD)
Batting: LHB Nathan Frey 0-0: Ball
1-0: Grounds into double play, 6-4-3 (Groundball, 6)
Top of the 3rd over - 0 run(s), 1 hit(s), 0 error(s), 0 left on base; Salem 0 - Surrey 0
BOTTOM OF THE 3RD
Surrey Sinners batting - Pitching for Salem Sledgehammers : RHP Isaac Pope
Batting: RHB Roberto Ybarra 0-0: Swinging Strike
0-1: Called Strike
0-2: Strikes out looking
Batting: RHB Dennis House 0-0: Fly out, F8 (Flyball, 89D)
Batting: LHB Francisco Chavero 0-0: Foul Ball, location: 2F
0-1: Ball
1-1: Swinging Strike
1-2: Foul Ball, location: 2F
1-2: Ground out 4-3 (Groundball, 4S)
Bottom of the 3rd over - 0 run(s), 0 hit(s), 0 error(s), 0 left on base; Salem 0 - Surrey 0
TOP OF THE 4TH
Salem Sledgehammers batting - Pitching for Surrey Sinners : RHP Tomás Silva
Batting: SHB Richard Griffin 0-0: SOLO HOME RUN (Flyball, 89XD), Distance : 404 ft
Batting: RHB Bobby Miller 0-0: SINGLE (Line Drive, 56D)
Batting: RHB Glenn Broadwater 0-0: Swinging Strike
0-1: Called Strike
0-2: Ball
1-2: Fly out, F9 (Line Drive, 9S)
Batting: RHB Patrick Daniels 0-0: Ball
1-0: Swinging Strike
1-1: Foul Ball, location: 2F
1-2: Fielders Choice at 2nd, 4-6 (Groundball, 34)
Batting: RHB Gilberto Silva 0-0: Ball
Patrick Daniels steals 2nd base
1-0: Called Strike
1-1: Ground out 4-3 (Groundball, 4MD)
Top of the 4th over - 1 run(s), 2 hit(s), 0 error(s), 1 left on base; Salem 1 - Surrey 0
BOTTOM OF THE 4TH
Surrey Sinners batting - Pitching for Salem Sledgehammers : RHP Isaac Pope
Batting: RHB Clint Younger 0-0: Ball
1-0: Called Strike
1-1: SINGLE (Groundball, 56D)
Batting: LHB Jorge Martínez 0-0: Called Strike
0-1: Ball
1-1: Ball
Clint Younger steals 2nd base
2-1: Ground out U3 (Groundball, 34)
Clint Younger to third
Batting: LHB Randy Wiggins 0-0: Ball
1-0: Foul Ball, location: 2F
1-1: Fly out, F8 (Flyball, 8LM)
Runner from 3rd tags up, SCORES, no throw
Batting: LHB Juan Hinojosa 0-0: Ball
1-0: Ball
2-0: Called Strike
2-1: Ground out 4-3 (Groundball, 4)
Bottom of the 4th over - 1 run(s), 1 hit(s), 0 error(s), 0 left on base; Salem 1 - Surrey 1
TOP OF THE 5TH
Salem Sledgehammers batting - Pitching for Surrey Sinners : RHP Tomás Silva
Batting: RHB Lakota O'Reilly 0-0: Ball
1-0: Ball
2-0: Ball
3-0: Base on Balls
Batting: RHB Luis Bustamante 0-0: Ball
1-0: Ball
2-0: Swinging Strike
2-1: Called Strike
2-2: Foul Ball, location: 2F
2-2: Strikes out swinging
Batting: RHB Gilberto Tovar 0-0: Swinging Strike
0-1: Ball
1-1: Ball
2-1: Ball
3-1: Fly out, F8 (Flyball, 8RS)
Batting: LHB Nathan Frey 0-0: Ball
1-0: Ball
2-0: Ball
3-0: Called Strike
3-1: Base on Balls
Lakota O'Reilly to second
Batting: SHB Richard Griffin 0-0: Ball
1-0: Called Strike
1-1: Ball
2-1: Called Strike
2-2: Strikes out swinging
Top of the 5th over - 0 run(s), 0 hit(s), 0 error(s), 2 left on base; Salem 1 - Surrey 1
BOTTOM OF THE 5TH
Surrey Sinners batting - Pitching for Salem Sledgehammers : RHP Isaac Pope
Batting: LHB Iván Espinosa 0-0: Called Strike
0-1: Foul Ball, location: 2F
0-2: Ball
1-2: Foul Ball, location: 2F
1-2: Ball
2-2: Fly out, F6 (Line Drive, 6M)
Batting: LHB José Blanco 0-0: Ball
1-0: Ball
2-0: Ball
3-0: Called Strike
3-1: Base on Balls
Batting: RHB Roberto Ybarra 0-0: Called Strike
0-1: Called Strike
0-2: Grounds into double play, 5-4-3 (Groundball, 56)
Bottom of the 5th over - 0 run(s), 0 hit(s), 0 error(s), 0 left on base; Salem 1 - Surrey 1
TOP OF THE 6TH
Salem Sledgehammers batting - Pitching for Surrey Sinners : RHP Tomás Silva
Pitching: RHP Ernest Ware
Batting: RHB Bobby Miller 0-0: Ball
1-0: Called Strike
1-1: SINGLE (Groundball, P) (infield hit)
Batting: RHB Glenn Broadwater 0-0: Called Strike
0-1: Foul Ball, location: 2F
0-2: Ball
1-2: Ball
2-2: Foul Ball, location: 2F
2-2: Strikes out swinging
Batting: RHB Patrick Daniels 0-0: Ball
1-0: Ball
2-0: Ball
Bobby Miller steals 2nd base
3-0: Base on Balls
Batting: RHB Gilberto Silva 0-0: Ball
Bobby Miller steals 3rd base
Patrick Daniels to second
1-0: Intentional Walk
Batting: RHB Lakota O'Reilly 0-0: Swinging Strike
0-1: Foul Ball, location: 2F
0-2: Foul Ball, location: 2F
0-2: Foul Ball, location: 2F
0-2: Ball
1-2: Ball
2-2: SINGLE (Groundball, 4MD)
Bobby Miller scores
Patrick Daniels to third
Gilberto Silva to second
Runner from 3rd tries for Home, SAFE, throw made home
Gilberto Silva to third
Lakota O'Reilly to second
Batting: RHB Luis Bustamante 0-0: Intentional Walk
Pitching: RHP Juan Figueroa
Batting: RHB Gilberto Tovar 0-0: Called Strike
0-1: Ball
1-1: Ball
2-1: Grounds into fielders choice 4-2 (Groundball, 4)
Lakota O'Reilly to third
Luis Bustamante to second
Batting: LHB Nathan Frey 0-0: Swinging Strike
0-1: Called Strike
0-2: Ball
1-2: Strikes out swinging
Top of the 6th over - 2 run(s), 2 hit(s), 0 error(s), 3 left on base; Salem 3 - Surrey 1
BOTTOM OF THE 6TH
Surrey Sinners batting - Pitching for Salem Sledgehammers : RHP Isaac Pope
Batting: RHB Dennis House 0-0: Ball
1-0: Foul Ball, location: 2F
1-1: SINGLE (Groundball, 3D)
Batting: LHB Francisco Chavero 0-0: SINGLE (Groundball, 34) (infield hit)
Dennis House to second
Batting: RHB Clint Younger 0-0: Fly out, F4 (Line Drive, 4)
Batting: LHB Jorge Martínez 0-0: Ball
1-0: Called Strike
1-1: Foul Ball, location: 2F
1-2: Foul Ball, location: 2F
1-2: Foul Ball, location: 2F
1-2: Fielders Choice at 2nd, 3-6 (Groundball, 34)
Dennis House to third
Batting: LHB Randy Wiggins 0-0: Ball
1-0: Ball
2-0: Ball
3-0: Called Strike
3-1: Foul Ball, location: 2F
3-2: Strikes out looking
Bottom of the 6th over - 0 run(s), 2 hit(s), 0 error(s), 2 left on base; Salem 3 - Surrey 1
TOP OF THE 7TH
Salem Sledgehammers batting - Pitching for Surrey Sinners : RHP Juan Figueroa
Batting: SHB Richard Griffin 0-0: Called Strike
0-1: Called Strike
0-2: Ball
1-2: Ball
2-2: Ground out 4-3 (Groundball, 4)
Batting: RHB Bobby Miller 0-0: Ball
1-0: Ball
2-0: Called Strike
2-1: Ground out 5-3 (Groundball, 56)
Batting: RHB Glenn Broadwater 0-0: Ball
1-0: Called Strike
1-1: Foul Ball, location: 2F
1-2: Ball
2-2: SOLO HOME RUN (Flyball, 8LXD), Distance : 423 ft
Batting: RHB Patrick Daniels 0-0: Called Strike
0-1: Foul Ball, location: 2F
0-2: Foul Ball, location: 2F
0-2: Strikes out swinging, 2-3 out at first.
Top of the 7th over - 1 run(s), 1 hit(s), 0 error(s), 0 left on base; Salem 4 - Surrey 1
BOTTOM OF THE 7TH
Surrey Sinners batting - Pitching for Salem Sledgehammers : RHP Isaac Pope
Pitching: LHP Pepe Gómez
Batting: LHB Juan Hinojosa 0-0: Ball
1-0: Called Strike
1-1: Ball
2-1: Swinging Strike
2-2: Foul Ball, location: 2F
2-2: Strikes out looking
Batting: LHB Iván Espinosa 0-0: Called Strike
0-1: Called Strike
0-2: Foul Ball, location: 2F
0-2: Foul Ball, location: 2F
0-2: Fly out, F7 (Flyball, 78M)
Pitching: RHP Claudio Cuevas
Batting: LHB José Blanco 0-0: Ball
1-0: SINGLE (Flyball, 7S)
Batting: RHB Roberto Ybarra 0-0: Called Strike
José Blanco steals 2nd base
0-1: Fly out, F8 (Flyball, 8LD)
Bottom of the 7th over - 0 run(s), 1 hit(s), 0 error(s), 1 left on base; Salem 4 - Surrey 1
TOP OF THE 8TH
Salem Sledgehammers batting - Pitching for Surrey Sinners : RHP Juan Figueroa
Batting: RHB Gilberto Silva 0-0: Swinging Strike
0-1: Swinging Strike
0-2: Ball
1-2: Ball
2-2: Ball
3-2: Ground out 4-3 (Groundball, 4)
Batting: RHB Lakota O'Reilly 0-0: Called Strike
0-1: Called Strike
0-2: Foul Ball, location: 2F
0-2: Ball
1-2: SOLO HOME RUN (Line Drive, 9D), Distance : 391 ft
Pitching: RHP Doug Spencer
Batting: RHB Luis Bustamante 0-0: Ground out 3-1 (Groundball, 2R)
Batting: RHB Gilberto Tovar 0-0: Ground out 6-3 (Groundball, 56)
Top of the 8th over - 1 run(s), 1 hit(s), 0 error(s), 0 left on base; Salem 5 - Surrey 1
BOTTOM OF THE 8TH
Surrey Sinners batting - Pitching for Salem Sledgehammers : RHP Claudio Cuevas
Batting: RHB Dennis House 0-0: Foul Ball, location: 2F
0-1: Foul Ball, location: 2F
0-2: Strikes out swinging
Batting: LHB Francisco Chavero 0-0: Ball
1-0: Foul Ball, location: 2F
1-1: Ball
2-1: Foul Ball, location: 2F
2-2: Fly out, F8 (Flyball, 8LM)
Batting: RHB Clint Younger 0-0: Ball
1-0: Ball
2-0: Ball
3-0: Called Strike
3-1: Ground out 6-3 (Groundball, 6)
Bottom of the 8th over - 0 run(s), 0 hit(s), 0 error(s), 0 left on base; Salem 5 - Surrey 1
TOP OF THE 9TH
Salem Sledgehammers batting - Pitching for Surrey Sinners : RHP Doug Spencer
Batting: LHB Nathan Frey 0-0: Ball
1-0: Called Strike
1-1: Fly out, F4 (Line Drive, 4D)
Batting: SHB Richard Griffin 0-0: Called Strike
0-1: Swinging Strike
0-2: Ball
1-2: Ball
2-2: Ball
3-2: Foul Ball, location: 2F
3-2: Base on Balls
Batting: RHB Bobby Miller 0-0: Ball
1-0: Ball
2-0: Ball
3-0: Base on Balls
Richard Griffin to second
Batting: RHB Glenn Broadwater 0-0: Ball
1-0: Ball
2-0: DOUBLE (Line Drive, 7LD)
Richard Griffin scores
Bobby Miller to third
Batting: RHB Patrick Daniels 0-0: Called Strike
0-1: Ball
1-1: Ground out U3 (Groundball, 34)
Bobby Miller scores
Glenn Broadwater to third
Batting: RHB Gilberto Silva 0-0: Ball
1-0: Ball
2-0: Called Strike
2-1: Called Strike
2-2: Foul Ball, location: 2F
2-2: Foul Ball, location: 2F
2-2: SINGLE (Line Drive, 6)
Glenn Broadwater scores
Pitching: RHP Mike Alexander
Batting: RHB Lakota O'Reilly 0-0: Ball
1-0: Called Strike
1-1: Fly out, F5 (Line Drive, 56)
Top of the 9th over - 3 run(s), 2 hit(s), 0 error(s), 1 left on base; Salem 8 - Surrey 1
BOTTOM OF THE 9TH
Surrey Sinners batting - Pitching for Salem Sledgehammers : RHP Claudio Cuevas
Batting: LHB Jorge Martínez 0-0: Ball
1-0: Swinging Strike
1-1: Called Strike
1-2: Ball
2-2: Foul Ball, location: 2F
2-2: Foul Ball, location: 2F
2-2: Ground out 4-3 (Groundball, 34D)
Batting: LHB Randy Wiggins 0-0: Hit by Pitch
Batting: LHB Juan Hinojosa 0-0: Ball
1-0: Called Strike
1-1: SINGLE (Groundball, 56) (infield hit)
Randy Wiggins to second
Batting: LHB Iván Espinosa 0-0: Grounds into double play, 4-6-3 (Groundball, 4)
Bottom of the 9th over - 0 run(s), 1 hit(s), 0 error(s), 1 left on base; Salem 8 - Surrey 1
Thursday, March 30th, 2017 - OOTP Baseball 17.12 Build 75